Map: Eternal Empire LE

Players

Namshar

  • Race: Zerg Zerg
  • League: Master
  • Spawn Location: 1:00

LiquidTLO (TLO) - Winner!

  • Race: Zerg Zerg
  • League: Master
  • Spawn Location: 7:00

Event: DreamHack SC2 Masters 2020 Summer North America

VOD

Have the link to the VOD?

Description

Time

  • Played on: July 9, 2020, 4:39 p.m.
  • Length: 18:32

All games in this series

Show
View Real Time Build Order
Export as new Build Order

Namshar Zerg 

Build Orders: Hatch First, Lurkers, Roach Hydra 

Get SALT Encoding   

  12  0:00  Drone  
  13  0:12  Overlord  
  13  0:16  Drone  
  14  0:30  Drone x2  
  16  0:47  Hatchery  
  15  0:51  Drone  
  15  0:54  Drone  
  17  0:57  Drone  
  18  1:08  Extractor  
  17  1:13  Spawning Pool  
  17  1:16  Drone  
  17  1:19  Drone  
  18  1:27  Drone  
  19  1:38  Drone  
  20  1:49  Drone  
  21  1:59  Overlord, Queen  
  21  2:00  Zergling x2, Queen  
  26  2:08  Metabolic Boost  
  26  2:10  Drone  
  26  2:11  Drone  
  28  2:20  Drone  
  28  2:21  Drone  
  30  2:31  Drone  
  30  2:32  Drone  
  32  2:38  Hatchery  
  31  2:44  Queen  
  31  2:49  Overlord  
  33  2:52  Drone  
  33  2:54  Drone  
  33  2:57  Drone  
  36  3:10  Zergling x12  
  42  3:16  Evolution Chamber  
  42  3:19  Baneling Nest  
  40  3:20  Overlord  
  40  3:26  Drone x2  
  42  3:33  Drone  
  42  3:34  Drone  
  43  3:42  Drone  
  43  3:43  Drone  
  43  3:44  Drone x3  
  48  3:54  Drone x6  
  52  3:58  Zergling x2  
  50  4:04  Lair  
  50  4:08  Zergling x2  
  51  4:10  Roach Warren  
  51  4:12  Zergling x2  
  51  4:15  Zerg Missile Weapons Level 1, Drone  
  51  4:16  Drone  
  53  4:20  Queen  
  53  4:23  Zergling x6  
  58  4:30  Zergling x4  
  58  4:36  Zergling x2  
  52  4:51  Extractor  
  52  4:52  Drone x7  
  57  4:54  Extractor  
  57  4:56  Overlord x2  
  56  5:02  Glial Reconstitution  
  56  5:10  Drone, Overlord x2  
  56  5:13  Extractor  
  56  5:17  Drone  
  56  5:18  Drone x2  
  57  5:32  Roach x6  
  69  5:38  Roach x2  
  69  5:39  Drone x3  
  69  5:40  Drone  
  77  5:47  Drone x2  
  77  5:49  Drone  
  77  5:54  Drone x4  
  81  5:59  Evolution Chamber  
  81  6:00  Hydralisk Den  
  81  6:01  Drone  
  81  6:02  Drone  
  81  6:04  Drone  
  81  6:06  Drone  
  81  6:07  Drone x2  
  81  6:09  Overlord  
  85  6:13  Zerg Missile Weapons Level 2  
  85  6:17  Hatchery, Extractor  
  83  6:20  Drone x4  
  83  6:21  Drone  
  83  6:24  Extractor  
  87  6:28  Overlord  
  87  6:30  Zerg Ground Armor Level 1  
  87  6:33  Grooved Spines  
  87  6:37  Roach x4  
  95  6:44  Overlord x2  
  95  6:53  Roach x4  
  104  6:56  Hatchery  
  103  7:02  Overlord  
  98  7:08  Roach  
  98  7:09  Roach x7  
  110  7:17  Overlord, Queen  
  110  7:19  Spore Crawler  
  110  7:20  Tunneling Claws, Spore Crawler x2  
  110  7:21  Burrow  
  109  7:29  Spore Crawler  
  108  7:30  Drone  
  108  7:31  Drone x5  
  114  7:39  Queen  
  114  7:43  Drone x2  
  118  7:45  Overlord x2  
  118  7:46  Muscular Augments  
  118  7:50  Lurker Den  
  117  7:56  Queen  
  117  7:58  Roach  
  121  8:03  Overlord x2  
  121  8:04  Drone  
  121  8:05  Drone  
  123  8:07  Unknown  
  123  8:10  Roach x4  
  123  8:12  Ravager  
  131  8:13  Ravager x2  
  131  8:15  Hydralisk x3  
  131  8:19  Overlord x2  
  139  8:23  Queen  
  141  8:30  Hydralisk x4  
  143  8:39  Drone  
  143  8:40  Spore Crawler  
  143  8:49  Roach x10  
  143  8:50  Drone x11  
  143  8:51  Overlord  
  154  8:56  Infestation Pit  
  154  9:00  Hydralisk  
  154  9:01  Hydralisk x2, Roach x5  
  157  9:14  Hydralisk x5  
  165  9:17  Unknown  
  156  9:28  Hydralisk x3, Lurker x5  
  161  9:35  Spore Crawler, Queen  
  161  9:37  Spore Crawler  
  161  9:39  Spore Crawler, Queen  
  161  9:40  Drone, Spore Crawler  
  161  9:41  Spore Crawler  
  161  9:44  Roach x2, Overlord x2  
  161  9:53  Drone x3  
  161  9:55  Spore Crawler  
  161  9:57  Drone x3, Spore Crawler  
  161  9:58  Spore Crawler x2  
  161  10:01  Roach x3, Spore Crawler  
  161  10:06  Hive  
  161  10:07  Drone  
  157  10:12  Lurker x2  
  157  10:13  Drone x3  
  154  10:14  Lurker x2  
  154  10:15  Spore Crawler  
  154  10:17  Hydralisk x2  
  159  10:31  Hydralisk x6  
  163  10:41  Hydralisk x5  
  169  10:53  Spore Crawler  
  169  10:54  Hydralisk  
  169  10:55  Hydralisk x5  
  159  11:05  Hydralisk  
  159  11:06  Hydralisk x3  
  149  11:11  Hydralisk x3  
  145  11:20  Hydralisk x2  
  149  11:29  Drone  
  149  11:30  Drone, Overlord x3  
  149  11:31  Overlord x3  
  147  11:49  Hydralisk x8  
  161  11:57  Viper  
  164  12:03  Viper  
  167  12:19  Seismic Spines  
  167  12:20  Zerg Missile Weapons Level 3  
  167  12:23  Hatchery  
  167  12:26  Spore Crawler  
  167  12:27  Spore Crawler x3  
  162  12:31  Overlord x2  
  162  12:40  Spore Crawler  
  150  12:44  Drone x3, Spore Crawler  
  150  12:49  Hatchery  
  151  12:56  Unknown  
  150  12:59  Queen x2  
  150  13:03  Hatchery  
  150  13:05  Hydralisk x6  
  154  13:07  Spore Crawler  
  165  13:14  Hatchery  
  164  13:27  Pneumatized Carapace  
  164  13:32  Drone x8  
  162  13:49  Adaptive Talons  
  162  13:50  Drone x2  
  162  13:51  Drone x3  
  162  13:52  Drone x3  
  170  13:57  Unknown  
  169  14:03  Lurker x6  
  169  14:05  Lurker  
  169  14:06  Lurker x3  
  179  14:16  Drone x2  
  179  14:17  Drone x2  
  180  14:26  Spore Crawler x2  
  180  14:28  Spore Crawler  
  177  14:33  Hydralisk  
  177  14:34  Hydralisk x2  
  167  14:53  Viper x2  
  167  14:58  Spore Crawler  
  169  15:17  Hydralisk x5  
  148  15:34  Hatchery  
  141  15:37  Hydralisk  
  141  15:38  Hydralisk x2  
  141  15:43  Drone x2  
  141  15:44  Drone x2  
  141  15:47  Viper  
  148  16:11  Hatchery  
  148  16:16  Drone x2, Queen  
  151  16:26  Drone x7  
  156  16:57  Viper x2  
  162  17:04  Overlord x2  
  162  17:09  Lurker x6  
  168  17:19  Overseer x2  
  168  17:20  Overseer x2  
  168  17:24  Hydralisk x8  
  182  17:50  Hydralisk x9  
  182  17:51  Hydralisk  
  125  18:10  Overseer  
Show
View Real Time Build Order
Export as new Build Order

LiquidTLO Zerg - Winner!

Build Orders: Hatch First, Lurkers, Muta Ling Bane 

Get SALT Encoding   

  12  0:00  Drone  
  13  0:12  Overlord  
  13  0:17  Drone  
  14  0:30  Drone  
  14  0:31  Drone  
  16  0:48  Hatchery  
  15  0:51  Drone  
  15  0:55  Drone  
  17  0:58  Drone  
  18  1:04  Extractor  
  17  1:14  Spawning Pool  
  17  1:17  Drone  
  17  1:20  Drone  
  18  1:27  Drone  
  19  1:39  Drone  
  20  1:49  Drone  
  21  1:59  Overlord  
  21  2:02  Drone  
  21  2:03  Queen x2  
  21  2:06  Metabolic Boost  
  26  2:11  Drone  
  26  2:13  Drone  
  28  2:21  Drone  
  28  2:22  Zergling x2  
  30  2:32  Drone  
  31  2:37  Hatchery  
  31  2:39  Zergling x2  
  31  2:44  Drone  
  31  2:49  Queen  
  34  2:56  Overlord  
  34  3:01  Baneling Nest  
  34  3:03  Zergling x2  
  34  3:06  Overlord  
  34  3:09  Zergling x2  
  34  3:12  Drone  
  36  3:16  Drone, Zergling x2  
  36  3:19  Drone  
  39  3:21  Drone  
  39  3:25  Zergling x2  
  41  3:27  Zergling x2  
  41  3:29  Zergling x2  
  41  3:30  Zergling x2  
  41  3:33  Zergling x2  
  44  3:38  Zergling x2  
  45  3:44  Baneling x2  
  45  3:45  Baneling  
  45  3:46  Overlord  
  45  3:47  Drone  
  45  3:48  Drone  
  47  3:49  Drone  
  47  3:50  Drone  
  47  3:53  Drone  
  48  3:58  Drone  
  48  4:01  Lair  
  48  4:02  Drone  
  48  4:05  Zergling x2  
  49  4:11  Drone  
  49  4:13  Extractor  
  49  4:16  Drone  
  50  4:17  Roach Warren  
  50  4:21  Drone  
  50  4:24  Drone  
  51  4:26  Drone  
  51  4:29  Drone x2  
  51  4:31  Zergling x4  
  55  4:35  Drone, Zergling x2  
  56  4:41  Drone  
  56  4:43  Extractor x2  
  54  4:47  Zergling x4  
  54  4:48  Zergling x2  
  54  4:49  Zergling x2  
  54  4:51  Drone  
  54  4:52  Drone  
  58  4:53  Drone  
  58  4:55  Baneling x2  
  58  4:58  Evolution Chamber, Drone  
  58  4:59  Roach x2  
  64  5:01  Drone  
  64  5:06  Spire  
  62  5:07  Drone  
  62  5:09  Drone  
  62  5:11  Drone  
  65  5:14  Baneling x2  
  65  5:15  Drone  
  66  5:24  Overlord  
  66  5:27  Overlord  
  66  5:28  Extractor x2  
  64  5:29  Overlord  
  64  5:30  Drone x2  
  65  5:36  Overlord  
  65  5:38  Overlord  
  65  5:44  Drone  
  65  5:46  Drone x2  
  65  5:47  Drone  
  65  5:48  Drone  
  65  5:49  Drone  
  70  5:50  Drone  
  70  5:51  Drone x2  
  70  5:52  Drone  
  70  5:54  Drone  
  70  5:56  Drone  
  76  6:00  Roach  
  76  6:03  Roach  
  76  6:04  Roach  
  82  6:06  Ravager x2  
  82  6:07  Roach  
  82  6:09  Roach  
  88  6:12  Roach  
  88  6:17  Roach  
  92  6:21  Zerg Flyer Weapons Level 1  
  92  6:22  Drone  
  92  6:24  Mutalisk  
  92  6:25  Mutalisk  
  97  6:38  Roach, Spore Crawler  
  98  6:43  Mutalisk  
  98  6:44  Mutalisk x2  
  105  6:47  Hatchery  
  105  6:48  Drone x2  
  105  6:49  Overlord  
  105  6:52  Mutalisk  
  105  6:54  Mutalisk  
  103  6:56  Mutalisk  
  103  6:59  Overlord  
  104  7:01  Mutalisk  
  104  7:03  Overlord  
  104  7:06  Mutalisk  
  100  7:09  Zerg Missile Weapons Level 1  
  100  7:11  Drone x2  
  100  7:12  Drone  
  100  7:15  Mutalisk  
  99  7:16  Mutalisk  
  99  7:18  Drone  
  99  7:20  Drone  
  99  7:21  Mutalisk  
  101  7:26  Mutalisk  
  103  7:34  Mutalisk  
  105  7:39  Mutalisk  
  105  7:43  Unknown  
  106  7:46  Overlord  
  106  7:47  Mutalisk  
  108  7:52  Overlord  
  108  7:54  Centrifical Hooks  
  108  7:56  Overlord  
  108  8:00  Hatchery, Mutalisk  
  108  8:02  Zergling x2  
  110  8:08  Overseer  
  110  8:10  Mutalisk  
  112  8:18  Evolution Chamber, Zerg Flyer Weapons Level 2  
  111  8:22  Mutalisk  
  111  8:26  Mutalisk  
  111  8:32  Mutalisk  
  109  8:36  Mutalisk  
  109  8:37  Zergling x2  
  109  8:38  Zergling x14  
  119  8:41  Overlord  
  119  8:43  Overseer, Overlord  
  119  8:44  Overseer  
  119  8:47  Mutalisk  
  121  8:50  Evolution Chamber, Mutalisk, Spore Crawler  
  121  8:53  Overlord  
  121  8:54  Overlord  
  121  8:55  Pneumatized Carapace, Drone  
  122  9:02  Mutalisk  
  122  9:06  Mutalisk  
  126  9:12  Drone x10  
  126  9:14  Evolution Chamber, Mutalisk  
  138  9:17  Mutalisk  
  138  9:22  Mutalisk  
  138  9:23  Overlord  
  141  9:24  Drone  
  141  9:25  Drone  
  141  9:28  Mutalisk  
  141  9:30  Overseer, Drone  
  141  9:31  Drone  
  143  9:34  Mutalisk  
  143  9:35  Mutalisk  
  147  9:44  Mutalisk x2  
  151  9:48  Overseer  
  151  9:52  Mutalisk  
  151  9:57  Mutalisk, Drone x2  
  151  9:58  Drone  
  158  10:00  Mutalisk  
  158  10:03  Overlord  
  158  10:06  Zerg Melee Weapons Level 1  
  159  10:07  Unknown  
  159  10:10  Mutalisk  
  159  10:14  Overlord  
  160  10:18  Roach x7  
  174  10:22  Drone x4  
  174  10:26  Infestation Pit  
  174  10:28  Zergling x2  
  178  10:32  Mutalisk  
  178  10:33  Mutalisk  
  174  10:46  Mutalisk x2  
  178  10:50  Mutalisk  
  178  10:51  Mutalisk  
  178  10:53  Mutalisk  
  178  10:56  Mutalisk  
  184  11:01  Mutalisk  
  182  11:06  Mutalisk  
  182  11:07  Mutalisk  
  164  11:13  Mutalisk  
  164  11:16  Drone x3  
  164  11:18  Mutalisk  
  165  11:19  Mutalisk  
  165  11:24  Mutalisk  
  171  11:27  Mutalisk  
  171  11:28  Hatchery  
  171  11:32  Mutalisk  
  174  11:36  Baneling x5  
  174  11:40  Mutalisk  
  174  11:44  Mutalisk  
  170  11:48  Mutalisk  
  170  11:51  Baneling  
  170  11:52  Baneling x3  
  170  12:00  Hive  
  168  12:04  Hatchery  
  168  12:06  Baneling x3, Hydralisk Den  
  168  12:07  Baneling x3  
  166  12:09  Drone  
  166  12:10  Hatchery  
  166  12:11  Mutalisk, Spore Crawler, Spine Crawler  
  166  12:12  Roach  
  166  12:13  Baneling x2  
  168  12:18  Baneling x3  
  168  12:22  Overlord  
  168  12:23  Overseer  
  168  12:25  Drone  
  168  12:26  Zerg Missile Weapons Level 2  
  168  12:29  Evolution Chamber  
  157  12:46  Zergling x2  
  157  12:47  Mutalisk, Zergling x14  
  157  12:48  Mutalisk x4  
  157  12:49  Mutalisk x2  
  174  12:57  Drone x2  
  174  12:58  Drone x3, Lurker Den  
  174  12:59  Mutalisk  
  178  13:10  Baneling  
  178  13:11  Baneling x11  
  178  13:14  Spine Crawler  
  178  13:15  Spine Crawler x2  
  178  13:16  Spine Crawler x2  
  178  13:17  Spore Crawler, Spine Crawler  
  178  13:19  Zergling x2  
  172  13:25  Mutalisk x2  
  172  13:29  Mutalisk x3  
  174  13:41  Zergling x2  
  174  13:43  Hydralisk x7  
  183  13:50  Zergling x2  
  183  13:54  Zerg Flyer Weapons Level 3  
  184  13:56  Drone  
  184  13:59  Seismic Spines  
  184  14:00  Hydralisk, Drone x3  
  184  14:01  Drone  
  184  14:02  Spine Crawler  
  188  14:04  Spine Crawler  
  188  14:05  Hydralisk x3, Spine Crawler  
  188  14:07  Overlord  
  186  14:19  Extractor x2  
  182  14:31  Hydralisk  
  178  14:32  Lurker x6  
  182  14:41  Lurker x2  
  182  14:42  Lurker  
  175  14:59  Overlord  
  165  15:01  Adaptive Talons  
  165  15:02  Overlord, Muscular Augments  
  165  15:03  Overseer x4  
  165  15:05  Drone x2  
  165  15:06  Drone  
  158  15:17  Drone  
  158  15:24  Zergling x2  
  158  15:25  Lurker x3  
  158  15:28  Drone x2  
  145  15:29  Drone  
  145  15:32  Drone  
  131  15:36  Drone  
  131  15:37  Drone x2  
  131  15:38  Drone  
  131  15:41  Unknown  
  130  15:45  Drone  
  130  15:47  Hydralisk  
  133  15:50  Drone  
  133  15:51  Drone  
  133  15:54  Drone x2  
  133  15:55  Drone, Extractor  
  137  15:57  Viper  
  137  15:58  Viper, Overlord  
  137  15:59  Drone  
  137  16:01  Drone x2  
  137  16:03  Hydralisk x2, Spore Crawler  
  147  16:05  Extractor  
  147  16:07  Overlord  
  147  16:08  Overlord  
  147  16:10  Overlord, Spine Crawler x2  
  146  16:11  Spore Crawler  
  146  16:12  Hydralisk  
  146  16:13  Grooved Spines, Overlord  
  146  16:14  Spore Crawler  
  146  16:16  Spine Crawler  
  146  16:17  Spine Crawler  
  146  16:18  Spine Crawler  
  143  16:19  Zerg Ground Armor Level 1  
  143  16:20  Hydralisk x2  
  143  16:21  Hydralisk  
  149  16:27  Hydralisk x3  
  155  16:34  Overlord  
  155  16:36  Overlord  
  155  16:38  Zergling x2  
  155  16:39  Glial Reconstitution  
  156  16:40  Overlord  
  156  16:42  Overlord  
  155  16:48  Lurker x2  
  155  16:49  Overlord  
  155  16:51  Drone x2, Spore Crawler, Overlord  
  155  16:52  Spine Crawler  
  157  16:55  Overlord  
  157  17:02  Lurker x6  
  163  17:18  Hydralisk x11  
  185  17:35  Hydralisk  
  185  17:36  Hydralisk x7  
  189  17:37  Hydralisk  
  191  17:46  Hydralisk  
  191  17:50  Hydralisk x4  
  187  17:51  Hydralisk  
  187  17:54  Hydralisk  
  187  17:56  Overseer, Hydralisk  
  187  17:58  Lurker  
  185  18:00  Overseer  
  185  18:04  Overlord  
  185  18:07  Lurker x3  
  185  18:08  Overlord  
  185  18:11  Overseer  
  188  18:13  Overlord  
Tags
 
Add a new tag
Caveats
  • Supply blocks, unpowered buildings, or Contaminate may cause inaccurate times.
  • Supply counts are checked every 10 seconds.